AoeStats
← Bainche

MegaRandom

503382787Analyzed
1v1 RM · 1mo ago on Aug 31, 2026· 27m 57s· 2 players
Game mode
Random Map
Map size
Tiny (2 player)
Population
200
Speed
Normal
Resources
Standard
Victory
Conquest
Starting age
Dark Age
Ending age
Imperial Age
RankedLock teamsTeams togetherTeam positionsShared explorationLock speedFull tech treeHidden civsTurbo modeCheats
Victory
Defeat
🇺🇸 Slavs · United States
732
+15
🇫🇷 Byzantines · France
708
-28
Bainche
13:39 Feudal Age
13:49 Man-at-Arms
14:30 Gold Mining
14:50 Arson
19:45 Forging
20:13 Scale Mail Armor
24:07 Horse Collar
24:17 Double-Bit Axe
Darth Vamper
10:59 Feudal Age
10:36 Loom
11:19 Man-at-Arms
12:25 Double-Bit Axe
14:10 Stone Mining
15:54 Horse Collar
17:08 Forging
17:22 Scale Mail Armor
24:06 Castle Age
24:11 Long Swordsman
24:52 Squires
Connection lost

Rejoining the realm…

Still unreachable

The connection could not be restored.

Session expired

The server has moved on; the page needs a fresh start.